 Dungeon Crawl Stone Soup version 0.22-a0-879-g615c57abe7 (webtiles) character file.

223314 Napalmbreeze the Warrior (level 18, -6/195 HPs)
             Began as a Minotaur Berserker on July 24, 2018.
             Was a High Priest of Trog.
             Mangled by an Ice Fiend (26 damage)
             ... summoned by a deep elf demonologist
             ... on level 2 of the Elven Halls on July 30, 2018.
             The game lasted 01:28:27 (29988 turns).

Napalmbreeze the Warrior (Minotaur Berserker)      Turns: 29988, Time: 01:28:28

Health: -6/195     AC: 30    Str: 20    XL:     18   Next: 12%
Magic:  17/17      EV: 17    Int: 12    God:    Trog [*****.]
Gold:   936        SH:  0    Dex: 19    Spells: 17/17 levels left

rFire    + + +     SeeInvis .   r - +9 battleaxe of Malaise {pain, rF++ Int+4 Dex-3}
rCold    + . .     Gourm    .   (shield currently unavailable)
rNeg     + + .     Faith    .   L - +3 plate armour {rPois}
rPois    +         Spirit   .   V - +2 hat {MR+}
rElec    +         Reflect  .   Y - +0 cloak {rF+}
rCorr    .         Harm     .   F - +1 pair of gloves of the Stag {+Blink}
MR       ++++.                  A - +1 pair of boots of Wyewk {rF+ Str-4 Dex+3 Slay+3}
Stlth    ..........             v - amulet "Jionej" {+Rage rN+}
HPRegen  1.42/turn              H - +5 ring of dexterity
MPRegen  0.15/turn              E - ring "Plog" {rElec rC+ rN+}

@: regenerating
A: retaliatory headbutt, horns 2, clever 1, robust 1, electricity resistance,
MP-powered wands
}: 2/15 runes: decaying, abyssal
a: Berserk, Trog's Hand, Brothers in Arms, Renounce Religion, Evoke Blink, Evoke
Berserk Rage


You were on level 2 of the Elven Halls.
You worshipped Trog.
Trog was extremely pleased with you.
You were not hungry.

You visited 5 branches of the dungeon, and saw 29 of its levels.
You visited the Abyss 1 time.
You also visited: Ossuary, Bailey, Volcano and Desolation.

You collected 2596 gold pieces.
You spent 1660 gold pieces at shops.

Inventory:

Hand Weapons
 r - the +9 battleaxe of Malaise (weapon) {pain, rF++ Int+4 Dex-3}
   (You acquired it on level 12 of the Dungeon)

   In the hands of one skilled in necromantic magic, it inflicts extra damage on
   living creatures.
   It affects your intelligence (+4).
   It affects your dexterity (-3).
   It greatly protects you from fire.
 t - a +7 battleaxe of electrocution
 U - a +2 demon trident of pain
Armour
 q - a +1 pair of gloves
 A - the +1 pair of boots of Wyewk (worn) {rF+ Str-4 Dex+3 Slay+3}
   (You bought it in a shop on level 8 of the Dungeon)

   It affects your strength (-4).
   It affects your dexterity (+3).
   It affects your accuracy and damage with ranged weapons and melee attacks
   (+3).
   It protects you from fire.
 F - the +1 pair of gloves of the Stag (worn) {+Blink}
   (You bought it in a shop on level 2 of the Orcish Mines)

   It lets you blink.
 L - a +3 plate armour of poison resistance (worn)
 V - a +2 hat of magic resistance (worn)
 Y - a +0 cloak of fire resistance (worn)
Jewellery
 v - the amulet "Jionej" (around neck) {+Rage rN+}
   (You found it on level 3 of the Swamp)

   [amulet of rage]

   It protects you from negative energy.
   It lets you go berserk.
 B - an uncursed ring of poison resistance
 C - an uncursed amulet of regeneration
 E - the ring "Plog" (right hand) {rElec rC+ rN+}
   (You acquired it on level 12 of the Dungeon)

   [ring of positive energy]

   It protects you from cold.
   It insulates you from electricity.
   It protects you from negative energy.
 H - a +5 ring of dexterity (left hand)
 M - a cursed ring of see invisible
Wands
 n - a wand of disintegration (19)
 x - a wand of polymorph (12)
 D - a wand of acid (6)
 W - a wand of digging (6)
Scrolls
 d - 7 scrolls of fear
 e - 14 scrolls of remove curse
 g - 5 scrolls of blinking
 h - 3 scrolls of identify
 i - 2 scrolls of enchant weapon
 o - 2 scrolls of fog
 p - a scroll of holy word
 u - 4 scrolls of enchant armour
 y - 7 scrolls of teleportation
 G - a scroll of silence
 J - a scroll of brand weapon
 Q - 4 scrolls of magic mapping
Potions
 a - 3 potions of cancellation
 b - 8 potions of curing
 f - a potion of haste
 j - 2 potions of might
 k - 3 potions of resistance
 l - 5 potions of flight
 m - 3 potions of heal wounds
 s - a potion of ambrosia {unknown}
 w - 3 potions of berserk rage
 z - 8 potions of agility
 I - a potion of invisibility {unknown}
 K - 4 potions of brilliance
 N - 4 potions of magic
 O - 5 potions of mutation
 T - 5 potions of lignification
Comestibles
 c - 47 rations


   Skills:
 + Level 19.9 Fighting
 + Level 19.2 Axes
 * Level 18.1 Armour
 + Level 15.4 Dodging


You had 17 spell levels left.
You didn't know any spells.
Your spell library was empty.

Dungeon Overview and Level Annotations

Branches:
Dungeon (15/15)            Temple (0/1) D:7            Lair (6/6) D:11
  Swamp (4/4) Lair:4        Snake (0/4) Lair:3        Slime (0/5) Lair:6
    Orc (2/2) D:9             Elf (2/3) Orc:2        Vaults (0/5) D:14
 Depths (0/5) D:15

Altars:
Ashenzari
Cheibriados
Dithmenos
Fedhas
Kikubaaqudgha
Makhleb
Okawaru
Ru
Vehumet
Yredelemnul
The Shining One
Beogh

Shops:
D:7 !   D:8 *   Orc:1 *   Orc:2 *([%[

Annotations:
D:9 3 runed doors, Cecky's ghost, novice GrMo


Innate Abilities, Weirdness & Mutations

You reflexively headbutt those who attack you in melee.
You have a pair of horns on your head.
Your mind is acute. (Int +2)
You are robust. (+10% HP)
You are resistant to electric shocks. (rElec)
You expend magic power (3 MP) to strengthen your wands.


Message History

The deep elf demonologist gestures wildly while chanting.
You see here an arrow.
You closely miss the deep elf demonologist.
You headbutt the deep elf demonologist.
The deep elf demonologist is heavily wounded.
You hit the orange demon. You hit the Ice Fiend.
The Ice Fiend calls on the powers of darkness!
The deep elf annihilator convulses!
The deep elf demonologist convulses!
Your body is wracked with pain!
* * * LOW HITPOINT WARNING * * *
Your plate armour prevents you from hitting the deep elf demonologist.
The deep elf demonologist is severely wounded.
You hit the Ice Fiend. You slice the orange demon!!
The orange demon stings you but does no damage.
The orange demon hits you but does no damage.
The orange demon completely misses you. The deep elf demonologist misses you.
The Ice Fiend claws you!
* * * LOW HITPOINT WARNING * * *
The Ice Fiend freezes you!! You resist.
You die...

,,,,,** *,,,*#.......,,..(.,,+,,,
,,,,,,***,,,,,......###..,****,,,
**,,,,,**,,,**#..#$....#..* *,,,
***,,,,**,,** #..#...e.#..# *,,,
**,,,**,** #..#§....§e.#***,,,
***,,,***** #....§.§.#..[.§,,,,
**,,,** #.e#..§.§#...E,,**+
,,,,,** ##.4#1##.#....,,,**,
,,,,,,** #..@e........§,,,+,,
,,,,,,,* #...1..........,***,
,,,,,,** #....4.........** **
,,,,,** #.......##....#* *
,,,,,** #....))##**###* *
,,,,,,** ######)# * ,,,,,,,* #.#
* ,,,,,,*****########)# * ,,,,,**
*,,.........# *


You could see 2 Ice Fiends, a deep elf demonologist, 2 orange demons and a deep
elf archer.

Vanquished Creatures
  the Lernaean hydra (Swamp:3)
  Jorgrun (Swamp:2)
  A tentacled starspawn (Abyss:3)
  Gastronok (Lair:3)
  A thorn hunter (Swamp:1)
  Donald (Swamp:1)
  A deep elf sorcerer (Elf:1)
  A cacodemon (Abyss:3)
  Louise (Swamp:4)
  2 entropy weavers (Lair:6)
  A stone giant (Volcano)
  A deep elf annihilator (Elf:1)
  A dire elephant (D:15)
  An ettin (Orc:1)
  A deep elf high priest (Elf:1)
  Fannar (Lair:3)
  13 hydras
  A peacekeeper (Elf:2)
  Erolcha (D:10)
  3 vault guards (D:14)
  The ghost of nawrastar the Spear-Bearer, a journeyman MfFi of the Shining One (D:10)
  3 catoblepae (Lair:6)
  2 centaur warriors
  2 ghost crabs
  5 dancing weapons
  4 alligators
  A death knight (D:14)
  An ogre mage (D:15)
  7 two-headed ogres
  A queen ant (Lair:6)
  12 death yaks
  5 thrashing horrors (Abyss:3)
  2 orc high priests (Orc:2)
  Nergalle (D:10)
  2 deep elf knights
  3 skeletal warriors (D:14)
  11 unseen horrors
  A spriggan druid (Swamp:4)
  13 swamp dragons
  2 shambling mangroves
  2 wizards
  A necromancer (Swamp:2)
  2 orc knights (Orc:2)
  2 deep elf archers (Elf:1)
  35 deep elf magi
  9 ugly things
  4 orc sorcerers (Orc:2)
  A salamander (D:15)
  A wolf spider (D:15)
  3 cyclopes
  7 slime creatures (Swamp:3)
  5 manticores
  3 large abominations (Abyss:3)
  A worldbinder (Abyss:3)
  A guardian serpent (shapeshifter) (Elf:1)
  3 black mambas
  Psyche (D:8)
  15 spiny frogs
  2 centaur zombies
  3 rime drakes
  2 gargoyles
  2 kobold demonologists (D:12)
  10 komodo dragons
  6 centaur skeletons
  An efreet (Volcano)
  2 freezing wraiths (D:14)
  A hellwing (Abyss:3)
  A tengu conjurer (D:14)
  A troll (Orc:1)
  3 meliai (D:15)
  11 hornets
  A polar bear (shapeshifter) (D:14)
  21 blink frogs
  8 bog bodies
  4 saltlings
  4 tyrant leeches
  An alligator zombie (Swamp:2)
  9 hippogriffs
  A shadow (D:12)
  5 spriggans
  2 wraiths
  57 yaks
  A tyrant leech zombie (Swamp:2)
  A vampire (D:12)
  4 wyverns
  7 fire bats (Volcano)
  A human (D:10)
  3 hungry ghosts
  3 basilisks
  Eustachio (D:6)
  A chaos spawn (Abyss:3)
  33 vampire mosquitoes
  2 neqoxecs (Abyss:3)
  Menkaure (D:6)
  A steam dragon (D:14)
  A small abomination (Abyss:3)
  A fire elemental (Volcano)
  16 swamp worms
  A naga (Lair:3)
  3 wargs
  19 insubstantial wisps
  An acid dragon (D:15)
  7 soldier ants
  10 water moccasins
  6 swamp drakes
  12 porcupines
  15 orc warriors
  2 sky beasts
  3 ice beasts
  A phantom (D:6)
  A swamp dragon zombie (Swamp:2)
  7 black bears
  12 ogres
  An alligator simulacrum (Swamp:2)
  7 wolves
  8 centaurs
  9 crocodiles
  7 big kobolds
  An elf zombie (Ossuary)
  Blork the orc (D:4)
  11 bullfrogs
  2 gnoll sergeants
  2 earth elementals (Volcano)
  A water moccasin zombie (D:8)
  A wyvern skeleton (D:14)
  12 killer bees
  4 howler monkeys
  18 wights
  8 lava snakes (Volcano)
  8 crimson imps
  4 bullfrog zombies
  4 quasits
  9 hounds
  A human zombie (Ossuary)
  3 jellies
  5 bullfrog skeletons
  18 orc priests
  3 iguanas
  Natasha (thrice) (D:3)
  23 orc wizards
  19 worker ants
  A tengu zombie (Abyss:3)
  A hound zombie (D:9)
  2 mummies (Ossuary)
  Robin (D:3)
  A worker ant zombie (D:6)
  30 gnolls
  14 adders
  5 shadow imps
  2 oozes
  2 adder skeletons
  3 worms
  3 dart slugs
  3 leopard geckos
  72 orcs
  2 giant cockroaches
  16 goblins
  19 hobgoblins
  15 jackals
  5 quokkas
  5 bats
  6 frilled lizards
  2 goblin zombies (Ossuary)
  16 hobgoblin zombies (Ossuary)
  4 jackal zombies
  38 kobolds
  5 kobold zombies (Ossuary)
  6 orc zombies (Ossuary)
  7 rats
  3 rat zombies (Ossuary)
  3 crawling corpses (Elf:1)
  3 fungi
  5 plants
  A starspawn tentacle (Abyss:3)
1039 creatures vanquished.

Vanquished Creatures (collateral kills)
  2 ragged hierophants (Desolation)
  5 hydras
  A peacekeeper (Desolation)
  A vault guard (D:14)
  An orc high priest (Orc:2)
  2 skeletal warriors (D:14)
  A deep elf mage (D:14)
  2 orc knights (Orc:2)
  2 oklob plants (Lair:6)
  A spiny frog (Lair:6)
  A polar bear (Lair:5)
  3 saltlings (Desolation)
  3 small abominations (Abyss:3)
  An orc warrior (Orc:2)
  3 wolves (Lair:6)
29 creatures vanquished.

Vanquished Creatures (others)
  A two-headed ogre (D:14)
  A goblin (D:11)
  A kobold (D:10)
  A bush (Lair:4)
  10 fungi
  3 lurking horrors (Abyss:3)
  9 plants
  9 starspawn tentacles (Abyss:3)
35 creatures vanquished.

Grand Total: 1103 creatures vanquished

Notes
Turn   | Place    | Note
-------+----------+-------------------------------------------
     0 | D:1      | Napalmbreeze the Minotaur Berserker began the quest for the Orb.
     0 | D:1      | Reached XP level 1. HP: 19/19 MP: 0/0
    43 | D:1      | Upgraded the game from 0.22-a0-824-g1ca9aab89c to 0.22-a0-866-geee50340df
   111 | D:1      | Reached XP level 2. HP: 21/27 MP: 1/1
  1005 | D:2      | Reached ** piety under Trog
  1010 | D:2      | Reached XP level 3. HP: 33/33 MP: 2/2
  1500 | D:2      | Reached XP level 4. HP: 29/40 MP: 3/3
  1730 | D:3      | Found a radiant altar of Vehumet.
  1782 | D:3      | Noticed Robin
  1809 | D:3      | Reached *** piety under Trog
  1811 | D:3      | Killed Robin
  1854 | D:3      | Reached skill level 5 in Axes
  1860 | D:3      | Reached XP level 5. HP: 42/47 MP: 4/4
  1903 | D:3      | Noticed Natasha
  1936 | D:3      | Killed Natasha
  1944 | D:3      | Noticed Natasha
  1948 | D:3      | Killed Natasha
  2348 | D:3      | Noticed Natasha
  2349 | D:3      | Found a shadowy altar of Dithmenos.
  2350 | D:3      | Found a snail-covered altar of Cheibriados.
  2352 | D:3      | Killed Natasha
  2578 | D:4      | Noticed an ogre
  2587 | D:4      | Killed an ogre
  2587 | D:4      | Reached XP level 6. HP: 55/55 MP: 5/5
  2602 | D:4      | Reached skill level 5 in Fighting
  2630 | D:4      | Found an iron altar of Okawaru.
  2925 | D:4      | Got a transparent scale mail
  2936 | D:4      | Identified the +8 scale mail of Cocytus {Str+4} (You found it on level 4 of the Dungeon)
  2953 | D:4      | Reached XP level 7. HP: 46/61 MP: 6/6
  3092 | D:4      | Noticed Blork the orc
  3103 | D:4      | Killed Blork the orc
  3408 | D:4      | Found a sacrificial altar of Ru.
  3471 | D:5      | Entered Level 5 of the Dungeon
  3609 | D:5      | Reached skill level 5 in Armour
  3610 | D:5      | Found an ancient bone altar of Kikubaaqudgha.
  3743 | D:5      | Upgraded the game from 0.22-a0-866-geee50340df to 0.22-a0-879-g615c57abe7
  4172 | D:6      | Reached **** piety under Trog
  4228 | D:6      | Reached skill level 5 in Dodging
  4228 | D:6      | Reached XP level 8. HP: 64/70 MP: 7/7
  4405 | D:6      | Noticed Menkaure
  4406 | D:6      | Found a basalt altar of Yredelemnul.
  4416 | D:6      | HP: 1/106 [Menkaure (11)]
  4417 | D:6      | Killed Menkaure
  4721 | D:6      | Found a runed door.
  5006 | D:6      | Found a roughly hewn altar of Beogh.
  5055 | D:6      | Noticed Eustachio
  5070 | D:6      | Killed Eustachio
  5364 | D:6      | Reached XP level 9. HP: 77/79 MP: 8/8
  5441 | D:6      | Found a glowing golden altar of the Shining One.
  5612 | D:7      | Found a sand-covered staircase.
  5623 | Ossuary  | Entered an ossuary
  5737 | Ossuary  | Reached ***** piety under Trog
  5869 | D:7      | Reached skill level 10 in Axes
  6399 | D:7      | Found Cetoz's Distillery.
  6513 | D:7      | Found a staircase to the Ecumenical Temple.
  7196 | D:8      | Noticed Psyche
  7209 | D:8      | Killed Psyche
  7209 | D:8      | Reached XP level 10. HP: 81/90 MP: 7/9
  7459 | D:8      | Found Vipsilyvo's Assorted Antiques.
  7491 | D:8      | Bought a pair of transparent boots for 275 gold pieces
  7496 | D:8      | Identified the +1 pair of boots of Wyewk {rF+ Str-4 Dex+3 Slay+3} (You bought it in a shop on level 8 of the Dungeon)
  7703 | D:9      | Paralysed by a hornet for 1 turns
  7941 | D:9      | Noticed a white ugly thing
  7968 | D:9      | Killed a white ugly thing
  7968 | D:9      | Reached ****** piety under Trog
  8076 | D:9      | Got a smoking leather armour
  8077 | D:9      | Identified the +1 leather armour of Luroad {rF+ Int-2 Dex+6} (You found it on level 9 of the Dungeon)
  8194 | D:9      | Found a staircase to the Orcish Mines.
  8207 | D:9      | Found a blossoming altar of Fedhas.
  8291 | D:9      | Found a runed gate.
  8291 | D:9      | Found a runed gate.
  8291 | D:9      | Found a runed gate.
  8295 | D:9      | Noticed Cecky's ghost (novice GrMo)
  8295 | D:9      | Noticed a spectral centaur warrior
  8369 | D:9      | Received a gift from Trog
  8703 | D:10     | Entered Level 10 of the Dungeon
  8828 | D:10     | Found a runed door.
  8839 | D:10     | Noticed nawrastar's ghost (journeyman MfFi)
  8862 | D:10     | Killed nawrastar's ghost
  8906 | D:10     | Noticed Nergalle
  8920 | D:10     | Killed Nergalle
  8920 | D:10     | Reached skill level 10 in Fighting
  8920 | D:10     | Reached XP level 11. HP: 77/99 MP: 10/10
  8973 | D:10     | Noticed a purple ugly thing
  8995 | D:10     | Killed a purple ugly thing
  9108 | D:10     | Noticed a wizard
  9122 | D:10     | Killed a wizard
  9163 | D:10     | Noticed Erolcha
  9165 | D:10     | Noticed a two-headed ogre
  9190 | D:10     | Killed a two-headed ogre
  9194 | D:10     | Killed Erolcha
  9592 | D:10     | Reached skill level 10 in Armour
 10069 | D:11     | Noticed a two-headed ogre
 10077 | D:11     | Killed a two-headed ogre
 10167 | D:11     | Found a flagged portal.
 10212 | Bailey   | Entered a bailey
 10482 | Bailey   | Received a gift from Trog
 10717 | D:11     | Noticed a white ugly thing
 10732 | D:11     | Killed a white ugly thing
 10759 | D:11     | Found a burning altar of Makhleb.
 10784 | D:11     | Found a staircase to the Lair.
 10815 | D:11     | Killed an unseen horror
 10892 | D:11     | Reached XP level 12. HP: 106/113 MP: 11/11
 10926 | D:11     | Reached skill level 10 in Dodging
 11387 | D:11     | Noticed a balrug
 11485 | Lair:1   | Entered Level 1 of the Lair of Beasts
 11825 | Lair:1   | Received a gift from Trog
 12002 | Lair:1   | Got an ichor-stained glaive
 12004 | Lair:1   | Identified the +2 glaive of Biotaish {vamp, Str+6} (You found it on level 1 of the Lair of Beasts)
 12050 | Lair:1   | Noticed a five-headed hydra
 12057 | Lair:1   | Killed an eight-headed hydra
 12433 | Lair:2   | Found a shattered altar of Ashenzari.
 12465 | Lair:2   | Noticed a six-headed hydra
 12473 | Lair:2   | Killed a seven-headed hydra
 13134 | Lair:3   | You fall through a shaft for 2 floors!
 13136 | Lair:5   | Noticed a seven-headed hydra
 13142 | Lair:5   | Killed an eight-headed hydra
 13142 | Lair:5   | Reached XP level 13. HP: 124/124 MP: 4/12
 13695 | Lair:4   | Found a staircase to the Swamp.
 14286 | Lair:3   | Noticed Gastronok
 14297 | Lair:3   | Killed Gastronok
 14297 | Lair:3   | Reached skill level 15 in Fighting
 14297 | Lair:3   | Reached skill level 15 in Axes
 14311 | Lair:3   | Noticed Fannar
 14332 | Lair:3   | Killed Fannar
 14516 | Lair:3   | Found a staircase to the Snake Pit.
 15977 | Lair:6   | Entered Level 6 of the Lair of Beasts
 16008 | Lair:6   | Received a gift from Trog
 16023 | Lair:6   | Found a dark tunnel.
 16033 | Volcano  | Entered a volcano
 16098 | Volcano  | Reached XP level 14. HP: 137/137 MP: 4/13
 16211 | Volcano  | Noticed a stone giant
 16226 | Volcano  | Killed a stone giant
 16241 | Volcano  | Found a bloodstained altar of Trog.
 16983 | Lair:6   | Found a staircase to the Slime Pits.
 17184 | Lair:6   | Noticed an entropy weaver
 17211 | Lair:6   | Killed an entropy weaver
 17212 | Lair:6   | Noticed an entropy weaver
 17224 | Lair:6   | Killed an entropy weaver
 18285 | Lair:6   | Reached XP level 15. HP: 147/147 MP: 4/14
 18296 | Lair:6   | Gained mutation: Your body sometimes deteriorates upon taking damage. [potion of mutation]
 18296 | Lair:6   | Gained mutation: Your flesh is cold resistant. (rC+) [potion of mutation]
 18296 | Lair:6   | Gained mutation: You are resistant to electric shocks. (rElec) [potion of mutation]
 18412 | Orc:1    | Entered Level 1 of the Orcish Mines
 18417 | Orc:1    | Found Apebbiory's Assorted Antiques.
 18427 | Orc:1    | Bought a scorched battleaxe for 310 gold pieces
 18427 | Orc:1    | Identified the cursed +1 battleaxe of Mastery {chop, rElec MP+9 Str-4 Int+3} (You bought it in a shop on level 1 of the Orcish Mines)
 18689 | Orc:2    | Entered Level 2 of the Orcish Mines
 18891 | Orc:2    | Found Kadeos's Antique Armour Boutique.
 18903 | Orc:2    | Bought a pair of shimmering gloves for 361 gold pieces
 18908 | Orc:2    | Identified the +1 pair of gloves of the Stag {+Blink} (You bought it in a shop on level 2 of the Orcish Mines)
 19014 | Orc:2    | Received a gift from Trog
 19028 | Orc:2    | Lost mutation: Your body sometimes deteriorates upon taking damage. [potion of mutation]
 19028 | Orc:2    | Lost mutation: Your flesh is cold resistant. (rC+) [potion of mutation]
 19028 | Orc:2    | Gained mutation: You expend magic power (3 MP) to strengthen your wands. [potion of mutation]
 19028 | Orc:2    | Gained mutation: Your mind is acute. (Int +2) [potion of mutation]
 19028 | Orc:2    | Gained mutation: You are robust. (+10% HP) [potion of mutation]
 19052 | Orc:2    | Found a staircase to the Elven Halls.
 19554 | Orc:2    | Found Viagal's General Store.
 19554 | Orc:2    | Found Qounkor's Food Boutique.
 19561 | Orc:2    | Found Sosuazuf's Antique Weapon Shoppe.
 19561 | Orc:2    | Found Toacar's Armour Boutique.
 19713 | Orc:2    | Bought a +3 plate armour of poison resistance for 714 gold pieces
 20002 | D:12     | Identified 3 scrolls of acquirement
 20015 | D:12     | Got a warped battleaxe
 20017 | D:12     | Identified the +9 battleaxe of Malaise {pain, rF++ Int+4 Dex-3} (You acquired it on level 12 of the Dungeon)
 20161 | D:12     | Found a blossoming altar of Fedhas.
 20348 | D:12     | Received a gift from Trog
 20553 | D:12     | Got a brightly glowing silver ring
 20555 | D:12     | Identified the ring "Plog" {rElec rC+ rN+} (You acquired it on level 12 of the Dungeon)
 20718 | D:13     | Reached XP level 16. HP: 172/172 MP: 15/15
 21511 | D:14     | Found a gate to the Vaults.
 22352 | D:15     | Entered Level 15 of the Dungeon
 22388 | D:15     | Received a gift from Trog
 22810 | D:15     | Reached skill level 15 in Armour
 22949 | D:15     | Found a staircase to the Depths.
 23148 | Swamp:1  | Entered Level 1 of the Swamp
 23204 | Swamp:1  | Noticed Donald
 23220 | Swamp:1  | Killed Donald
 23399 | Swamp:1  | Noticed a thorn hunter
 23409 | Swamp:1  | Killed a thorn hunter
 23800 | Swamp:2  | Received a gift from Trog
 24225 | Swamp:2  | Paralysed by a hornet for 3 turns
 24727 | Swamp:2  | Noticed Jorgrun
 24741 | Swamp:2  | Killed Jorgrun
 24835 | Swamp:3  | Reached XP level 17. HP: 180/184 MP: 16/16
 24891 | Swamp:3  | Got a scorched silver amulet
 24996 | Swamp:3  | Identified the amulet "Jionej" {+Rage rN+} (You found it on level 3 of the Swamp)
 25207 | Swamp:3  | Received a gift from Trog
 25598 | Swamp:4  | Entered Level 4 of the Swamp
 25748 | Swamp:4  | Noticed Louise
 26916 | Swamp:4  | Noticed the 27-headed Lernaean hydra
 26926 | Swamp:3  | Killed the 27-headed Lernaean hydra
 27247 | Swamp:4  | Cast into level 3 of the Abyss (Louise)
 27267 | Abyss:3  | Found a roughly hewn altar of Beogh.
 27301 | Abyss:3  | Got an abyssal rune of Zot
 27316 | Abyss:3  | Found a corrupted altar of Lugonu.
 27414 | Abyss:3  | Found a corrupted altar of Lugonu.
 27417 | Abyss:3  | Noticed a lich
 27495 | Swamp:4  | Escaped the Abyss
 27516 | Swamp:4  | Killed Louise
 27568 | Swamp:4  | Reached skill level 15 in Dodging
 27762 | Swamp:4  | Got a decaying rune of Zot
 28537 | Elf:1    | Entered Level 1 of the Elven Halls
 28714 | Elf:1    | Received a gift from Trog
 29352 | Elf:1    | Identified the Collected Works on Conjuration
 29548 | Elf:1    | Reached XP level 18. HP: 195/195 MP: 17/17
 29771 | Elf:2    | Found a ruined gateway.
 29784 | Desolati | Entered the Desolation of Salt
 29897 | Desolati | HP: 13/292 [peacekeeper (6)]
 29897 | Desolati | HP: 1/292 [ragged hierophant/a resonance strike (12)]
 29904 | Elf:2    | HP: 7/195 [peacekeeper (6)]
 29943 | Elf:2    | HP: 3/195 [orange demon[a deep elf mage] (7)]
 29983 | Elf:2    | Noticed an Ice Fiend
 29984 | Elf:2    | Noticed an Ice Fiend
 29988 | Elf:2    | Mangled by an Ice Fiend

Vault maps used:
D:1:      sevenhm_arrival_forest_fort_small_6
D:3:      grunt_temple_overflow_open, lemuel_round_altar, uniq_robin,
          uniq_natasha
D:4:      okawaru_gym_becter, kennysheep_mini, uniq_blork_the_orc
D:5:      lemuel_coloured_pillars_altar, first_ration, minmay_holes
D:6:      marbit_many_paths, basic_altar, lightli_church_of_beogh,
          uniq_eustachio, uniq_menkaure
D:7:      minmay_temple_entry_large_hall, lightli_ossuary_entry_decrepit_ruins,
          serial_shops, shop_fountains
D:8:      serial_shops, shop, uniq_psyche
D:9:      minmay_distorted_concentric_squares, kennysheep_mini_moat,
          orc_0_dummy, gammafunk_ghost_necromancy
D:10:     ebering_ghost_reflecting_pool, hangedman_stone_soup,
          lightli_wizard_tower, uniq_erolcha, uniq_nergalle
D:11:     minmay_lair_entry_grove, enter_bailey_3, portal_ice_cave_rime,
          minmay_misc_feat_rows, makhleb_altar_promises_db
D:12:     basic_altar, grunt_ministairs_1
D:14:     lightli_vaults_fourway_checkpoint, infiniplex_staircase_zigzag_2
D:15:     hangedman_depths_entry_try_elsewhere_first, serial_corexii_hall,
          corexii_hall_statues_t, corexii_hall_statues_i
Lair:1:   serial_bayou_pond_a
Lair:2:   basic_altar, serial_bayou_shore_b
Lair:3:   guppyfry_snake_entry_garden, uniq_gastronok, uniq_fannar
Lair:4:   swamp_mist, grunt_megastairs_5, serial_bayou_shore_b,
          lemuel_fruit_tree
Lair:6:   evilmike_catoblepas_cave, minmay_slime_entry_oklob_open,
          enter_volcano_2, serial_forest, infiniplex_forest_lined_2,
          infiniplex_forest_clump_diagonal, infiniplex_forest_lined_room_3,
          infiniplex_forest_end_3, infiniplex_forest_lined_room_2,
          infiniplex_forest_lined_3, infiniplex_forest_end_1,
          infiniplex_forest_end_2, infiniplex_forest_lined_3,
          infiniplex_forest_lined_room_2, wad_woods_antlair
Swamp:1:  nicolae_swamp_little_tower, uniq_donald
Swamp:2:  evilmike_swamp_ruin_house_4, swamp_pool2,
          nicolae_swamp_necromancer_hut, uniq_jorgrun
Swamp:3:  evilmike_swamp_ruin_wall
Swamp:4:  swamp_old_school, infiniplex_staircase_pool_2, uniq_louise
Orc:1:    serial_shops, nicolae_shop_temple_entry_statues_fountains,
          chequers_guarded_unrand_ignorance
Orc:2:    grunt_orc_tribal_feast, serial_shops, shop
Elf:1:    eino_elf_arrival_the_gate, minmay_elf_annihilation, hex_medium,
          moated_statue, hangedman_elf_represent
Elf:2:    portal_desolation_entry_nicolae_nacl, serial_shops, shop_fountains,
          spider_trap
Abyss:3:  hangedman_stitches_earthworm, hangedman_grunt_abyss_rune_horror_hoard
Ossuary:  ossuary_tomb_1
Bailey:   bailey_axe_2, bailey
Volcano:  volcano_grotto

Skill      XL: |  1  2  3  4  5  6  7  8  9 10 11 12 13 14 15 16 17 18 |
---------------+-------------------------------------------------------+-----
Axes           | 4 5 6 7 9 11 12 13 14 15 17 18 19 | 19.2
Fighting       | 4 5 6 7 8 10 12 14 16 17 19 | 19.9
Armour         | 3 4 5 6 8 9 10 11 13 14 15 17 18 | 18.1
Dodging        | 3 4 5 6 7 8 9 11 12 13 14 15 | 15.4

Action                   |  1- 3 |  4- 6 |  7- 9 | 10-12 | 13-15 | 16-18 || total
-------------------------+-------+-------+-------+-------+-------+-------++-------
Melee: Hand axe          |    57 |   103 |   375 |   414 |       |       ||   949
       Headbutt          |     8 |    19 |    92 |   162 |   181 |   242 ||   704
       Battleaxe         |       |       |       |   111 |   574 |   835 ||  1520
Invok: Berserk           |     1 |     4 |     3 |     5 |     8 |     4 ||    25
       Trog's Hand       |       |     1 |     2 |       |     3 |     7 ||    13
       Brothers in Arms  |       |       |       |     1 |     3 |     9 ||    13
Evoke: Wand              |       |       |       |       |       |     1 ||     1
  Use: Scroll            |       |     2 |     6 |     5 |    18 |     8 ||    39
       Potion            |       |       |       |       |    15 |    14 ||    29
 Stab: Distracted        |       |       |       |       |       |     2 ||     2
  Eat: Chunk             |     2 |     9 |    18 |    19 |    22 |    10 ||    80
       Ration            |       |       |       |     2 |     4 |     9 ||    15
Armor: Animal skin       |     4 |       |       |       |       |       ||     4
       Ring mail         |    16 |    14 |       |       |       |       ||    30
       Scale mail        |       |    22 |   126 |   191 |   224 |       ||   563
       Plate armour      |       |       |       |       |    58 |   896 ||   954
Dodge: Dodged            |    45 |    83 |   197 |   397 |   489 |   837 ||  2048

Table legend:
 A = Spawn XP
 B = Non-spawn XP
 C = Spawn XP percentage of total XP
 D = Spawn monster count
 E = Non-spawn monster count
 F = Spawn count percentage of total count
 G = Total turns spent on level
                    A         B        C        D         E        F      G
               +---------+---------+-------+---------+---------+-------+---------
         Total |    1320 |  253330 |   0.5 |       7 |    1050 |   0.7 | 29988
               +---------+---------+-------+---------+---------+-------+---------
           D:1 |       0 |      26 |   0.0 |       0 |      16 |   0.0 |   879
           D:2 |       0 |      83 |   0.0 |       0 |      28 |   0.0 |  1007
           D:3 |       0 |     246 |   0.0 |       0 |      32 |   0.0 |   866
           D:4 |       0 |     560 |   0.0 |       0 |      19 |   0.0 |   719
           D:5 |       0 |     276 |   0.0 |       0 |      10 |   0.0 |   664
           D:6 |       0 |    1780 |   0.0 |       0 |      52 |   0.0 |  1452
           D:7 |       0 |    1596 |   0.0 |       0 |      41 |   0.0 |  1338
           D:8 |       0 |    1559 |   0.0 |       0 |      25 |   0.0 |   554
           D:9 |       0 |    2548 |   0.0 |       0 |      32 |   0.0 |  1016
          D:10 |       0 |    7623 |   0.0 |       0 |      25 |   0.0 |  1397
          D:11 |       0 |    8971 |   0.0 |       0 |      66 |   0.0 |  1136
          D:12 |       0 |    6116 |   0.0 |       0 |      45 |   0.0 |   775
          D:13 |       0 |    7481 |   0.0 |       0 |      34 |   0.0 |   640
          D:14 |       0 |   20588 |   0.0 |       0 |      52 |   0.0 |  1120
          D:15 |       0 |   12446 |   0.0 |       0 |      38 |   0.0 |   657
        Lair:1 |       0 |    6197 |   0.0 |       0 |      26 |   0.0 |   938
        Lair:2 |       0 |    4317 |   0.0 |       0 |      16 |   0.0 |   705
        Lair:3 |       0 |   10045 |   0.0 |       0 |      25 |   0.0 |   766
        Lair:4 |       0 |    9830 |   0.0 |       0 |      30 |   0.0 |  1244
        Lair:5 |       0 |    6989 |   0.0 |       0 |      22 |   0.0 |  1015
        Lair:6 |       0 |   22219 |   0.0 |       0 |      53 |   0.0 |  2088
       Swamp:1 |       0 |    9907 |   0.0 |       0 |      23 |   0.0 |   675
       Swamp:2 |       0 |   11799 |   0.0 |       0 |      34 |   0.0 |  1049
       Swamp:3 |       0 |   26488 |   0.0 |       0 |      60 |   0.0 |  2358
       Swamp:4 |       0 |    7500 |   0.0 |       0 |      12 |   0.0 |   912
         Orc:1 |       0 |    1965 |   0.0 |       0 |       8 |   0.0 |   325
         Orc:2 |       0 |    8719 |   0.0 |       0 |      51 |   0.0 |  1136
         Elf:1 |       0 |   25428 |   0.0 |       0 |      38 |   0.0 |  1190
         Elf:2 |       0 |    7347 |   0.0 |       0 |      12 |   0.0 |   142
       Abyss:3 |    1320 |   15320 |   7.9 |       7 |      24 |  22.6 |   248
       Ossuary |       0 |     210 |   0.0 |       0 |      39 |   0.0 |   220
        Bailey |       0 |     354 |   0.0 |       0 |      34 |   0.0 |   405
       Volcano |       0 |    3810 |   0.0 |       0 |      20 |   0.0 |   233
    Desolation |       0 |    2987 |   0.0 |       0 |       8 |   0.0 |   119
               +---------+---------+-------+---------+---------+-------+---------
